 Dungeon Crawl Stone Soup version 0.27.0-1-g7a089689b8 (webtiles) character file.

Game seed: 15237245627579932649

74 Smaepdii the Slasher (level 4, 0/37 HPs)
             Began as a Palentonga Fighter on Aug 3, 2021.
             Slain by Terence (10 damage)
             ... on level 2 of the Dungeon.
             The game lasted 00:09:55 (1286 turns).

Smaepdii the Slasher (Palentonga Fighter)           Turns: 1286, Time: 00:09:55

Health: 0/37       AC:  8    Str: 19    XL:     4   Next: 10%
Magic:  4/4        EV:  5    Int:  8    God:
Gold:   80         SH:  8    Dex: 11    Spells: 3/3 levels left

rFire    . . .     SeeInvis +   a - +0 long sword
rCold    . . .     Faith    .   c - +0 kite shield
rNeg     . . .     Spirit   .   b - +0 scale mail
rPois    .         Reflect  .   k - +2 hat
rElec    .         Harm     .   (no cloak)
rCorr    .         Rampage  .   (no gloves)
Will     .....                  (no barding)
Stlth    ..........             (no amulet)
HPRegen  0.12/turn              (no ring)
MPRegen  0.09/turn              (no ring)

@: no status effects
A: large, rugged brown scales 3, see invisible, deformed body, roll 1, armoured
tail
a: Rolling Charge


You were on level 2 of the Dungeon.
You visited 1 branch of the dungeon, and saw 3 of its levels.

You collected 80 gold pieces.

Inventory:

Hand Weapons
 a - a +0 long sword (weapon)
Missiles
 n - 6 silver javelins
Armour
 b - a +0 scale mail (worn)
 c - a +0 kite shield (worn)
 k - a +2 hat (worn)
 r - a +2 robe of willpower
Jewellery
 q - a ring of ice
Scrolls
 f - 2 scrolls of identify {unknown}
 g - 2 scrolls of amnesia {unknown}
 h - a scroll of teleportation {unknown}
 i - a scroll of torment {unknown}
 l - a scroll of magic mapping {unknown}
 o - a scroll of vulnerability {unknown}
 p - a scroll of silence {unknown}
Potions
 d - a potion of might
 e - 2 potions of flight {unknown}
 j - a potion of degeneration {unknown}
 m - a potion of attraction {unknown}


   Skills:
 - Level 3.0 Fighting
 + Level 4.4 Long Blades
 - Level 2.4 Armour
 - Level 2.4 Shields


You had 3 spell levels left.
You didn't know any spells.
Your spell library contained the following spells:

 Spells                   Type           Power      Damage    Failure   Level
 Animate Dead             Necr           0%         N/A       100%        4
 Haunt                    Necr/Summ      0%         N/A       100%        7
 Infestation              Necr           0%         N/A       100%        8


Dungeon Overview and Level Annotations

Branches:
Dungeon (3/15)

Altars:

Shops:
D:1 [

Annotations:
D:2 exclusion: downstairs, Terence
D:3 1 runed translucent door, DocClef's ghost, amateur GnDe


Innate Abilities, Weirdness & Mutations

You are completely covered in rugged brown scales. (AC +3, +7% HP)
You have supernaturally acute eyesight. (SInv)
Armour fits poorly on your strangely shaped body.
You can roll at nearby foes to attack.
You have a long armoured tail.


Message History

Found 14 sling bullets.
Found a stone staircase leading down.
Found a stone staircase leading down.
There is a stone staircase leading down here.
A goblin comes into view. It is wielding a +0 club.
The goblin shouts!
Roll where?
Press: ? - help, Q - select action, (/) - cycle Dir - move target, f - goblin
Aim: a goblin, wielding a +0 club You roll forward with a clatter of scales!
You slash the goblin!
You kill the goblin!
Things that are here:
a +0 club; a goblin corpse Terence the Incautious comes into view.
He is wielding a +3 flail.
Terence shouts!
You see here a gluggy blue potion.
There's nothing you can charge at!
Roll where?
Press: ? - help, Q - select action, (/) - cycle Dir - move target, f - Terence
Aim: Terence, wielding a +3 flail and wearing a +0 scale mail You roll forward with a clatter of scales!
You slash Terence!
Your tail-slap misses Terence.
Terence is heavily wounded.
Terence hits you with a +3 flail!
Your shield and scale mail prevent you from hitting Terence.
Terence is heavily wounded.
Terence hits you with a +3 flail!
You closely miss Terence. You tail-slap Terence.
Terence is heavily wounded.
You block Terence's attack. x2
You hit Terence.
Terence is severely wounded.
You block Terence's attack.
You hit Terence but do no damage.
Terence is severely wounded.
Terence hits you with a +3 flail!
* * * LOW HITPOINT WARNING * * *
Terence hits you with a +3 flail!
You die...

#.######## #.. #.#
# #.# #.# # #.#
#.# # #.# #.# #
#.# #.# # #.#
#.##### # #@#
##.....#### #@#
#.......... #.#
#.####.###. #.#
#.# #.# #. #!# #.#
#.# #. #.# ##.##
#.# #.
#.#####...###.###.
#..........).....#
#######...###.#.##
##.## #..##


You could see Terence.

Vanquished Creatures
  Jessica (D:2)
  An adder (D:2)
  A dart slug (D:1)
  4 bats
  4 endoplasms
  2 giant cockroaches
  7 goblins
  A hobgoblin (D:1)
  4 jackals (D:1)
  2 kobolds
  2 ball pythons
  A frilled lizard (D:1)
  3 rats
33 creatures vanquished.

Notes
Turn   | Place    | Note
-------+----------+-------------------------------------------
     0 | D:1      | Smaepdii the Palentonga Fighter began the quest for the
                  | Orb.
     0 | D:1      | Reached XP level 1. HP: 19/19 MP: 1/1
   146 | D:1      | Reached XP level 2. HP: 25/25 MP: 2/2
   219 | D:1      | Reached skill level 3 in Long Blades
   413 | D:1      | Found Jidgh's Antique Armour Boutique.
   737 | D:2      | Reached XP level 3. HP: 31/31 MP: 3/3
   825 | D:3      | Found a runed translucent door.
   825 | D:3      | Noticed DocClef's ghost (amateur GnDe)
  1066 | D:2      | Noticed Jessica
  1067 | D:2      | Killed Jessica
  1068 | D:2      | Reached skill level 4 in Long Blades
  1078 | D:2      | Reached XP level 4. HP: 27/37 MP: 4/4
  1280 | D:2      | Noticed Terence
  1286 | D:2      | Slain by Terence

Illustrated notes

Levels and vault maps discovered:
D:1:      elethiomel_arrival_quiet, layout_rooms, serial_shops,
          nicolae_shop_waterfront
D:2:      layout_loops_ring, minmay_stone_trees_medium, uniq_jessica,
          uniq_terence
D:3:      layout_basic, hellmonk_ghost_happy_afterlife, uniq_ijyb

Skill      XL: |  1  2  3 |
---------------+----------+-----
Long Blades    | 3 4 |  4.4
Fighting       | |  3.0
Armour         | |  2.4
Shields        | |  2.4

Action                   |  1- 3 |  4- 6 || total
-------------------------+-------+-------++-------
Melee: Long sword        |    81 |     8 ||    89
       Tailslap          |     5 |     1 ||     6
Throw: Javelin           |     2 |       ||     2
 Abil: Rolling Charge    |     3 |     4 ||     7
Armor: Scale mail        |    39 |       ||    39
Dodge: Dodged            |    23 |       ||    23
Block: Kite shield       |    50 |     3 ||    53
       Rpst.: Long sword |     8 |       ||     8
